 Dungeon Crawl Stone Soup version 0.29.1-15-g9cfb28693d (webtiles) character file.

Game seed: 3654099113310683034

250404 leetdood the Peltast (level 19, -22/183 HPs)
             Began as a Minotaur Fighter on Mar 13, 2023.
             Was a High Priest of Okawaru.
             Blown up by an orb spider (57 damage)
             ... with an orb of destruction
             ... on level 4 of the Spider Nest.
             The game lasted 02:43:40 (42212 turns).

leetdood the Peltast (Minotaur Fighter)            Turns: 42212, Time: 02:43:40

Health: -22/183    AC: 47    Str: 33 (34) XL:     19   Next: 30%
Magic:  0/34       EV:  7    Int: 11 (12) God:    Okawaru [*****.]
Gold:   797        SH: 18    Dex: 10 (15) Spells: 18/18 levels left

rFire   + + +      SeeInvis .   F - +4 broad axe (vorpal)
rCold   . . .      Faith    .   I - +4 kite shield of Valiance {rN++}
rNeg    + + .      Spirit   .   W - +10 crystal plate armour of Generosity {MP+9 Int+2 Stlth+}
rPois   +          Reflect  .   E - +2 hat
rElec   +          Harm     .   T - +1 cloak {Will+}
rCorr   +          Rampage  .   Q - +1 pair of gloves "Siph" {rElec rF++ Dex+4 Stlth-}
Will    +++..                   k - +2 pair of boots "Uwkaaley" {rPois rF++ rCorr}
Stlth   ..........              u - amulet of regeneration
HPRegen 1.20/turn               R - ring "Imed" {Str+6 Int+5}
MPRegen 0.24/turn               p - ring of willpower

@: lethally poisoned (-22 -> -30)
A: horns 2, retaliatory headbutt
}: 1/15 runes: barnacled
a: Renounce Religion, Heroism, Finesse, Duel


You were on level 4 of the Spider Nest.
You worshipped Okawaru.
Okawaru was extremely pleased with you.
You visited 7 branches of the dungeon, and saw 32 of its levels.
You also visited: Ice Cave.

You collected 4147 gold pieces.
You spent 3350 gold pieces at shops.

Inventory:

Hand Weapons
 F - a +4 vorpal broad axe (weapon)
 L - the +2 executioner's axe of Vodka {speed, Int+3}
   (You found it in an ice cave)

   Attacks with this weapon are significantly faster.
   Int:       It affects your intelligence (+3).
 O - the +5 hand axe of Unnygung {flame, rPois rC++ Stlth+}
   (Okawaru gifted it to you on level 1 of the Elven Halls)

   It burns those it strikes, dealing additional fire damage.
   Big, fiery blades are also staple armaments of hydra-hunters.
   rC:        It greatly protects you from cold.
   rPois:     It protects you from poison.
   Stlth:     It makes you more stealthy.
Missiles
 a - 4 silver boomerangs (quivered)
 c - 29 javelins
 A - 4 curare-tipped darts
 K - 3 boomerangs of dispersal
Armour
 k - the +2 pair of boots "Uwkaaley" (worn) {rPois rF++ rCorr}
   (You bought it in a shop on level 2 of the Orcish Mines)

   rF:        It greatly protects you from fire.
   rPois:     It protects you from poison.
   rCorr:     It protects you from acid and corrosion.
 E - a +2 hat (worn)
 I - the +4 kite shield of Valiance (worn) {rN++}
   (You acquired it on level 1 of the Lair of Beasts)

   rN:        It greatly protects you from negative energy.
 Q - the +1 pair of gloves "Siph" (worn) {rElec rF++ Dex+4 Stlth-}
   (Okawaru gifted it to you on level 4 of the Lair of Beasts)

   Dex:       It affects your dexterity (+4).
   rF:        It greatly protects you from fire.
   rElec:     It insulates you from electricity.
   Stlth:     It makes you less stealthy.
 S - the +4 plate armour of Wesebuid {rC+ Will++}
   (You bought it in a shop on level 2 of the Orcish Mines)

   rC:        It protects you from cold.
   Will:      It greatly increases your willpower.
 T - a +1 cloak of willpower (worn)
 W - the +10 crystal plate armour of Generosity (worn) {MP+9 Int+2 Stlth+}
   (You took it off a merfolk on level 4 of the Shoals)

   Int:       It affects your intelligence (+2).
   MP:        It affects your magic capacity (+9).
   Stlth:     It makes you more stealthy.
 Y - a +1 pair of boots of flying
Jewellery
 g - a ring of resist corrosion
 h - a ring of see invisible
 p - a ring of willpower (right hand)
 u - an amulet of regeneration (around neck)
 w - the ring "Fashodue" {*Corrode rN+ Will+ Int+6}
   (You found it on level 2 of the Spider Nest)

   [ring of willpower]

   Int:       It affects your intelligence (+6).
   rN:        It protects you from negative energy.
   *Corrode:  It may corrode you when you take damage.
   Will:      It increases your willpower.
 N - a +4 ring of protection
 R - the ring "Imed" (left hand) {Str+6 Int+5}
   (You found it on level 5 of the Lair of Beasts)

   [ring of strength]

   Str:       It affects your strength (+6).
   Int:       It affects your intelligence (+5).
 V - a +6 ring of strength
Wands
 j - a wand of digging (3)
 s - a wand of mindburst (49)
 y - a wand of polymorph (6)
 C - a wand of flame (10)
 U - a wand of iceblast (21)
Scrolls
 b - a scroll of silence
 d - 4 scrolls of blinking
 e - 7 scrolls of immolation
 m - 5 scrolls of poison
 n - 5 scrolls of teleportation
 r - 2 scrolls of fog
 P - 4 scrolls of fear
 X - 6 scrolls of magic mapping
 Z - 3 scrolls of torment
Potions
 f - 4 potions of brilliance
 i - 15 potions of curing
 l - 3 potions of cancellation
 o - 4 potions of invisibility
 q - 2 potions of heal wounds
 t - 4 potions of haste
 v - 5 potions of might
 x - a potion of resistance
 z - 4 potions of berserk rage
 B - 4 potions of flight
 G - 2 potions of magic
 J - 2 potions of ambrosia


   Skills:
 + Level 19.4 Fighting
 - Level 18.0 Axes
 - Level 10.0 Throwing
 + Level 19.4 Armour
 + Level 19.4 Shields
 - Level 10.0 Invocations


You had 18 spell levels left.
You didn't know any spells.
Your spell library contained the following spells:

 Spells                   Type           Power      Damage    Failure   Level
 Freeze                   Ice            0%         1d3       99%         1
 Magic Dart               Conj           0%         1d3       99%         1
 Searing Ray              Conj           0%         2d4       100%        2
 Conjure Flame            Conj/Fire      0%         6-21      100%        3
 Frozen Ramparts          Ice            0%         1d1       100%        3
 Gell's Gravitas          Tloc           0%         N/A       100%        3
 Ignite Poison            Fire/Tmut/Pois 0%         N/A       100%        3
 Lesser Beckoning         Tloc           0%         N/A       100%        3
 Mephitic Cloud           Conj/Pois/Air  0%         N/A       100%        3
 Portal Projectile        Hex/Tloc       0%         N/A       100%        3
 Teleport Other           Tloc           0%         N/A       100%        3
 Corpse Rot               Necr/Pois/Air  0%         N/A       100%        4
 Fulminant Prism          Conj/Hex       0%         3d6       100%        4
 Hailstorm                Conj/Ice       0%         3d3       100%        4
 Ice Form                 Ice/Tmut       0%         N/A       100%        4
 Iskenderun's Mystic Bla  Conj/Tloc      0%         2d3       100%        4
 Leda's Liquefaction      Hex/Erth       0%         N/A       100%        4
 Passage of Golubria      Tloc           0%         N/A       100%        4
 Sticky Flame             Conj/Fire      0%         2d3       100%        4
 Blade Hands              Tmut           0%         N/A       100%        5
 Freezing Cloud           Conj/Ice/Air   0%         6-21      100%        5
 Irradiate                Conj/Tmut      0%         3d11      100%        5
 Silence                  Hex/Air        0%         N/A       100%        5
 Lehudib's Crystal Spear  Conj/Erth      0%         10d2      100%        8
 Call Canine Familiar     Summ           Unusable   N/A       N/A         3
 Tukima's Dance           Hex            Unusable   N/A       N/A         3
 Summon Ice Beast         Ice/Summ       Unusable   N/A       N/A         4

Dungeon Overview and Level Annotations

Branches:
Dungeon (15/15)            Temple (1/1) D:5            Lair (5/5) D:11
 Shoals (4/4) Lair:2       Spider (4/4) Lair:3        Slime (0/5) Lair:5
    Orc (2/2) D:10            Elf (1/3) Orc:2        Vaults (0/5) D:13
 Depths (0/4) D:15          IceCv (visited)

Altars:
Ashenzari
Cheibriados
Dithmenos
Elyvilon
Fedhas
Gozag
Hepliaklqana
Kikubaaqudgha
Makhleb
Nemelex Xobeh
Okawaru
Qazlal
Ru
Sif Muna
Trog
Uskayaw
Vehumet
Wu Jian
Xom
Yredelemnul
Zin
The Shining One
Jiyva

Shops:
D:2 *   D:5 [   D:7 !   Orc:2 [:=[**   Shoals:3 (

Annotations:
D:4 Eustachio


Innate Abilities, Weirdness & Mutations

You have a pair of horns on your head.
You reflexively headbutt those who attack you in melee.


Message History

The emperor scorpion claws you but does no damage.
The emperor scorpion barely misses you.
The moth of wrath goads the culicivora on!
The culicivora goes berserk!
The emperor scorpion stings you but does no damage.
The emperor scorpion closely misses you.
The emperor scorpion claws you but does no damage.
The culicivora rages.
The orb spider weaves a glowing orb of energy.
The emperor scorpion stings you!!
The emperor scorpion claws you but does no damage. x2
An orb of destruction comes into view.
You don't have enough magic at the moment.
Throw: 4 boomerangs (silver)
Press: ? - help, Q - select action, (/) - cycle Shift-Dir - straight line, f/p - orb spider
Aim: an orb spider (severely wounded, 71% to hit)
You throw a silver boomerang.
The silver boomerang hits the orb spider!
You kill the orb spider!
Okawaru accepts your kill.
You feel very sick.
You block the emperor scorpion's attack. x2
The emperor scorpion claws you but does no damage.
The emperor scorpion stings you!!
The emperor scorpion claws you but does no damage. x2
You feel you are being watched by something.
The emperor scorpion stings you but does no damage.
The emperor scorpion barely misses you.
The emperor scorpion claws you but does no damage.
Unknown command.
You slice the moth of wrath!! Your headbutt misses the moth of wrath.
The moth of wrath is almost dead.
You barely miss the emperor scorpion.
You hit the emperor scorpion but do no damage.
You feel very sick. The emperor scorpion stings you!!
* * * LOW HITPOINT WARNING * * *
You block the emperor scorpion's attack. x2
The orb of destruction hits you!!!
You die...

#^...^.##
#.....^.# ~.((^^#
#^.....^##......#
#.......^#^....~#
#.^.....^#~....^#
##~.....≈#.†...≈#
#......##°...^.#
#.....##○☼...^#
#~...^#s@.....#
^#....†ssy.....#
..^.^.....#.....~#
...^#^...^#......#
...^#^..........##
...............~#
................#
..............##
~............^#


You could see 2 emperor scorpions, a moth of wrath and a culicivora (berserk).

Vanquished Creatures
  Jorgrun (Orc:2)
  Mlioglotl (Shoals:1)
  Asterion (Spider:2)
  The ghost of Lefyircha the Wrestler, an adept TrFi of Wu Jian (Spider:3)
  Kirke (Shoals:1)
  A storm dragon (Shoals:4)
  The ghost of SuperSeabass the Brawler, an adept VSAM of Okawaru (Spider:3)
  2 emperor scorpions
  The ghost of Afraqoso the Impaler, a journeyman HOFi of Uskayaw (Spider:3)
  6 ghost moths
  2 very ugly things (IceCv)
  3 entropy weavers
  5 dire elephants (Lair:5)
  An ettin (D:15)
  6 merfolk javelineers
  10 merfolk impalers
  Josephine (D:12)
  The ghost of Xiym the Spry, a journeyman FeSu of Gozag (Spider:3)
  6 hydras
  A rakshasa (D:14)
  5 boulder beetles
  4 centaur warriors
  2 alligator snapping turtles
  A catoblepas (Lair:5)
  3 ogre magi
  2 merfolk avatars
  14 two-headed ogres
  2 radroaches (Spider:4)
  8 death yaks
  5 merfolk aquamancers (Shoals:4)
  4 satyrs
  3 tengu warriors
  Urug (Lair:1)
  2 large abominations (Elf:1)
  2 orc high priests
  A spectral death yak (Lair:5)
  Lodul (D:11)
  7 sea snakes
  4 deep trolls
  3 pharaoh ants
  A spectral anaconda (Lair:5)
  An obsidian statue (Lair:5)
  2 orange crystal statues (IceCv)
  A sun moth (Spider:2)
  6 orb spiders
  A deep elf archer (D:13)
  9 steelbarb worms
  A lindwurm (Lair:4)
  4 deep elf zephyrmancers (Elf:1)
  A wizard (D:15)
  8 deep elf pyromancers
  8 harpies (Shoals:4)
  4 necromancers (Lair:5)
  3 orc knights (Orc:2)
  12 manticores
  15 fauns
  23 wolf spiders
  8 cyclopes
  19 elephants
  An orc sorcerer (Orc:2)
  8 ugly things
  3 merfolk sirens
  10 water nymphs
  3 moths of wrath
  7 black mambas
  5 torpor snails
  9 cane toads
  3 gargoyles
  5 freezing wraiths (IceCv)
  An anaconda simulacrum (IceCv)
  7 komodo dragons
  Psyche (D:11)
  3 rime drakes
  2 yaktaurs (D:13)
  A dire elephant skeleton (Lair:5)
  8 demonic crawlers
  An efreet (D:15)
  A tengu conjurer (D:15)
  4 golden dragon simulacra (IceCv)
  A queen bee (Lair:3)
  3 meliai (D:15)
  15 trolls
  19 merfolk
  Grinder (D:6)
  21 tarantellas
  A polar bear (Lair:3)
  5 wind drakes
  A hornet (D:11)
  14 dream sheep
  8 blink frogs
  2 spectral elephants (Lair:5)
  36 jumping spiders
  22 culicivoras
  11 snapping turtles
  A centaur simulacrum (D:14)
  18 water elementals
  3 dire elephant simulacra (IceCv)
  5 air elementals
  A shadow (D:11)
  10 basilisks
  5 wraiths
  6 wyverns
  38 yaks
  4 humans
  3 vampires
  A death yak simulacrum (Lair:5)
  3 hogs (Shoals:1)
  71 redbacks
  3 steam dragons
  4 vampire mosquitoes (D:13)
  9 wargs
  2 spectral cane toads (Lair:5)
  3 harpy simulacra (IceCv)
  An acid dragon (D:12)
  A hydra simulacrum (IceCv)
  Duvessa (D:4)
  11 water moccasins
  21 orc warriors
  A black bear (D:6)
  2 elephant zombies (Lair:5)
  30 ogres
  2 ettin simulacra (IceCv)
  2 ice beasts
  11 centaurs
  12 wolves
  4 kobold brigands
  An elf zombie (Elf:1)
  3 necrophages
  2 scorpions
  13 bullfrogs
  A cane toad simulacrum (Lair:5)
  Dowan (D:4)
  33 killer bees
  2 elephant simulacra (Lair:5)
  A lindwurm simulacrum (IceCv)
  5 howler monkeys
  A crimson imp (D:7)
  4 hounds
  6 jellies
  13 orc priests
  Crazy Yiuf (D:2)
  3 iguanas
  27 orc wizards
  A hell rat (Lair:3)
  Robin (D:4)
  4 gnolls (D:5)
  A river rat (Lair:3)
  8 adders
  A worm (D:2)
  A dart slug (D:1)
  68 orcs
  9 endoplasms
  2 giant cockroaches (D:2)
  13 goblins
  11 hobgoblins
  5 jackals
  3 quokkas
  9 ball pythons
  3 bats
  A frilled lizard (D:2)
  25 kobolds
  A kobold zombie (D:8)
  4 rats
  A starspawn tentacle (Shoals:1)
1074 creatures vanquished.

Vanquished Creatures (others)
  A tarantella (Spider:2)
  A killer bee (Lair:3)
  27 fungi
  40 plants
  A starspawn tentacle (Shoals:1)
  16 withered plants (Lair:5)
86 creatures vanquished.

Grand Total: 1160 creatures vanquished

Notes
Turn   | Place    | Note
-------+----------+-------------------------------------------
     0 | D:1      | leetdood the Minotaur Fighter began the quest for the Orb.
     0 | D:1      | Reached XP level 1. HP: 19/19 MP: 0/0
   360 | D:1      | Reached XP level 2. HP: 27/27 MP: 1/1
   485 | D:1      | Found a faded altar of an unknown god.
   551 | D:1      | Got the Directory of Blasting and Air
   916 | D:2      | Reached XP level 3. HP: 13/33 MP: 2/2
  1239 | D:2      | Found a runed translucent door.
  1240 | D:2      | Noticed Crazy Yiuf
  1408 | D:2      | Found Ehuav's General Store.
  1431 | D:2      | Bought a potion of lignification for 42 gold pieces
  1431 | D:2      | Bought a potion of curing for 42 gold pieces
  1699 | D:2      | Killed Crazy Yiuf
  1700 | D:2      | Reached XP level 4. HP: 22/40 MP: 3/3
  2100 | D:3      | Identified the +2 robe of Mimod {+Inv Fly Str+3}
  2512 | D:3      | Found a glowing golden altar of the Shining One.
  2800 | D:4      | Reached XP level 5. HP: 45/47 MP: 4/4
  2837 | D:4      | Found a broken altar of Ashenzari.
  2865 | D:4      | Noticed Robin
  2879 | D:4      | Killed Robin
  2891 | D:4      | Noticed Duvessa
  2896 | D:4      | Noticed Eustachio
  3181 | D:4      | Noticed Dowan
  3223 | D:4      | Killed Duvessa
  3224 | D:4      | Reached skill level 5 in Fighting
  3224 | D:4      | Reached skill level 5 in Axes
  3224 | D:4      | Reached skill level 5 in Armour
  3224 | D:4      | Reached skill level 5 in Shields
  3224 | D:4      | Reached XP level 6. HP: 43/56 MP: 5/5
  3225 | D:4      | Killed Dowan
  3816 | D:5      | Entered Level 5 of the Dungeon
  3852 | D:5      | Found a hazy altar of Hepliaklqana.
  3922 | D:5      | Reached XP level 7. HP: 43/61 MP: 6/6
  4259 | D:5      | Found a glowing silver altar of Zin.
  4259 | D:5      | Noticed an angel
  4815 | D:5      | Reached XP level 8. HP: 68/70 MP: 7/7
  4829 | D:5      | Found a large runed translucent door.
  4830 | D:5      | Found a large runed translucent door.
  4873 | D:5      | Found a staircase to the Ecumenical Temple.
  4974 | Temple   | Entered the Ecumenical Temple
  5097 | D:5      | Found Xonezic's Armour Emporium.
  5356 | D:6      | Noticed Grinder
  5591 | D:6      | Noticed a troll
  6027 | D:7      | Found a radiant altar of Vehumet.
  6028 | D:7      | Found a burning altar of Makhleb.
  6070 | D:7      | Found Dasimn's Distillery.
  6073 | D:7      | Bought a potion of might for 48 gold pieces
  6073 | D:7      | Bought a potion of berserk rage for 60 gold pieces
  6073 | D:7      | Bought a potion of mutation for 96 gold pieces
  6073 | D:7      | Bought a potion of curing for 36 gold pieces
  6073 | D:7      | Bought a potion of curing for 36 gold pieces
  6099 | D:7      | Found an ornate altar of the Wu Jian Council.
  6220 | D:6      | Killed a troll
  6221 | D:6      | Reached XP level 9. HP: 44/79 MP: 8/8
  6616 | D:6      | Killed Grinder
  7073 | D:8      | Found a runed translucent door.
  7075 | D:8      | Found a basalt altar of Yredelemnul.
  7149 | D:8      | Reached skill level 10 in Axes
  8254 | D:8      | Found a shimmering blue altar of Sif Muna.
  8999 | D:9      | Reached XP level 10. HP: 22/90 MP: 9/9
 10118 | D:9      | Found an iron altar of Okawaru.
 10128 | D:9      | Became a worshipper of Warmaster Okawaru
 10492 | D:10     | Entered Level 10 of the Dungeon
 10727 | D:10     | Reached * piety under Okawaru
 11512 | D:10     | Found a staircase to the Orcish Mines.
 11533 | D:10     | Found an ancient bone altar of Kikubaaqudgha.
 11606 | D:11     | Noticed a cyclops
 11607 | D:11     | Noticed Psyche
 11960 | D:11     | Reached ** piety under Okawaru
 12138 | D:11     | Noticed a gargoyle
 12240 | D:12     | Noticed a cyclops
 12261 | D:12     | Killed a cyclops
 12262 | D:12     | Reached XP level 11. HP: 98/99 MP: 5/10
 12477 | D:12     | Noticed a two-headed ogre
 12485 | D:12     | Killed a two-headed ogre
 12486 | D:12     | Reached skill level 10 in Fighting
 12486 | D:12     | Reached skill level 10 in Armour
 12486 | D:12     | Reached skill level 10 in Shields
 12504 | D:12     | Noticed an eight-headed hydra
 12520 | D:12     | Killed an eight-headed hydra
 12755 | D:12     | Reached *** piety under Okawaru
 13058 | D:12     | Found an opulent altar of Gozag.
 13151 | D:12     | Noticed Josephine
 13172 | D:12     | Killed Josephine
 13415 | D:11     | Killed Psyche
 13415 | D:11     | Reached **** piety under Okawaru
 13617 | D:11     | Found a shimmering altar of Xom.
 13617 | D:11     | Found a shimmering altar of Xom.
 13620 | D:11     | Found a shimmering altar of Xom.
 13620 | D:11     | Found a shimmering altar of Xom.
 13620 | D:11     | Found a shimmering altar of Xom.
 14041 | D:11     | Noticed Lodul
 14248 | D:5      | Found a hide-covered altar of Uskayaw.
 14262 | D:5      | Found a snail-covered altar of Cheibriados.
 14511 | D:11     | Found a staircase to the Lair.
 14523 | Lair:1   | Entered Level 1 of the Lair of Beasts
 14644 | Lair:1   | Noticed Urug
 14661 | Lair:1   | Killed Urug
 15279 | Lair:1   | Identified 3 scrolls of acquirement
 15280 | Lair:1   | Acquired the +1 hat of the Buccaneer {Int+2}
 15287 | Lair:1   | Acquired the +4 kite shield of Valiance {rN++}
 15300 | Lair:1   | Acquired 1129 gold pieces
 15330 | Lair:1   | Reached ***** piety under Okawaru
 15343 | Lair:1   | Reached XP level 12. HP: 107/110 MP: 11/11
 15554 | Lair:1   | Reached skill level 15 in Axes
 16099 | Lair:2   | Found a staircase to the Shoals.
 16353 | Lair:2   | Reached skill level 1 in Invocations
 17078 | Lair:2   | Received a gift from Okawaru
 17098 | Lair:2   | Noticed a four-headed hydra
 17112 | Lair:2   | Killed a four-headed hydra
 17678 | Lair:3   | Found a hole to the Spider Nest.
 18201 | Lair:3   | Found a dark tunnel.
 18291 | Lair:3   | Received a gift from Okawaru
 18932 | Lair:3   | Reached XP level 13. HP: 103/118 MP: 14/14
 19638 | Lair:4   | You fall into a shaft and drop 1 floor!
 19638 | Lair:5   | Entered Level 5 of the Lair of Beasts
 19688 | Lair:4   | Reached ****** piety under Okawaru
 19698 | Lair:4   | Received a gift from Okawaru
 20193 | Lair:4   | Reached skill level 5 in Invocations
 20195 | Lair:4   | Identified the +1 pair of gloves "Siph" {rElec rF++ Dex+4
                  | Stlth-} (Okawaru gifted it to you on level 4 of the Lair of
                  | Beasts)
 20195 | Lair:4   | Received a gift from Okawaru
 21034 | Lair:5   | Found a runed translucent door.
 21035 | Lair:5   | Found a viscous altar of Jiyva.
 21036 | Lair:5   | Found a staircase to the Slime Pits.
 21423 | Lair:5   | Reached XP level 14. HP: 129/129 MP: 17/17
 21881 | Lair:5   | Received a gift from Okawaru
 22277 | Lair:5   | Identified the ring "Imed" {Str+6 Int+5}
 22628 | Lair:5   | Identified the +1 scale mail of the Desolation of Salt
                  | {+Blink rPois Will- Str+9} (Okawaru gifted it to you on
                  | level 5 of the Lair of Beasts)
 22628 | Lair:5   | Received a gift from Okawaru
 23504 | D:11     | Killed Lodul
 24487 | Orc:1    | Entered Level 1 of the Orcish Mines
 24578 | Orc:1    | Reached skill level 1 in Throwing
 25066 | Orc:2    | Entered Level 2 of the Orcish Mines
 25156 | Orc:2    | Noticed Jorgrun
 25166 | Orc:2    | Killed Jorgrun
 25294 | Orc:2    | Found a staircase to the Elven Halls.
 25321 | Orc:2    | Received a gift from Okawaru
 25342 | Orc:2    | Received a gift from Okawaru
 25876 | Orc:2    | Found Xeila's Jewellery Shoppe.
 25877 | Orc:2    | Found Reduggam's Armour Emporium.
 25886 | Orc:2    | Found Bopekuack's Antique Armour Shop.
 25907 | Orc:2    | Bought the +4 plate armour of Wesebuid {rC+ Will++} for 923
                  | gold pieces
 25919 | Orc:2    | Found Ygycacs's Book Shoppe.
 25923 | Orc:2    | Bought a glowing cloak for 232 gold pieces
 25923 | Orc:2    | Bought a pair of runed gloves for 232 gold pieces
 25923 | Orc:2    | Bought a runed cloak for 232 gold pieces
 25946 | Orc:2    | Bought a pair of distressingly furry boots for 294 gold
                  | pieces
 25946 | Orc:2    | Identified the +2 pair of boots "Uwkaaley" {rPois rF++
                  | rCorr} (You bought it in a shop on level 2 of the Orcish
                  | Mines)
 26000 | Orc:2    | Reached XP level 15. HP: 135/139 MP: 20/20
 26021 | Orc:2    | Received a gift from Okawaru
 26098 | Orc:2    | Found Neemn's General Store.
 26107 | Orc:2    | Found Ogifeal's General Store.
 26123 | Orc:2    | Bought a scroll of identify for 26 gold pieces
 26127 | Orc:2    | Bought a scroll of teleportation for 39 gold pieces
 26130 | Orc:2    | Bought a potion of might for 56 gold pieces
 26130 | Orc:2    | Bought 2 potions of ambrosia for 224 gold pieces
 26130 | Orc:2    | Bought a potion of curing for 42 gold pieces
 26394 | Elf:1    | Entered Level 1 of the Elven Halls
 26548 | Elf:1    | Identified the +5 hand axe of Unnygung {flame, rPois rC++
                  | Stlth+} (Okawaru gifted it to you on level 1 of the Elven
                  | Halls)
 26548 | Elf:1    | Received a gift from Okawaru
 26767 | D:13     | Reached skill level 15 in Fighting
 26767 | D:13     | Reached skill level 15 in Shields
 26880 | D:13     | Reached skill level 15 in Armour
 26903 | D:13     | Received a gift from Okawaru
 26980 | D:13     | Identified the +1 robe "Rups" {Int+5}
 27032 | D:13     | Found a gate to the Vaults.
 27404 | D:14     | Reached skill level 5 in Throwing
 27423 | D:14     | Found an ornate altar of the Wu Jian Council.
 28096 | D:15     | Entered Level 15 of the Dungeon
 28387 | D:15     | Found a staircase to the Depths.
 28949 | D:15     | Found a shadowy altar of Dithmenos.
 29674 | Shoals:1 | Entered Level 1 of the Shoals
 29876 | Shoals:1 | Noticed Mlioglotl
 29878 | Shoals:1 | Noticed a tentacled starspawn
 29885 | Shoals:1 | Killed Mlioglotl
 29886 | Shoals:1 | Noticed Kirke
 29896 | Shoals:1 | Killed Kirke
 29896 | Shoals:1 | Received a gift from Okawaru
 30520 | Shoals:2 | Reached XP level 16. HP: 84/151 MP: 15/22
 31750 | Shoals:3 | Reached skill level 10 in Invocations
 31948 | Shoals:3 | Found Baykuh's Antique Weapon Shoppe.
 31951 | Shoals:3 | Bought a runed broad axe for 210 gold pieces
 33177 | Shoals:4 | Entered Level 4 of the Shoals
 33177 | Shoals:4 | Found a stormy altar of Qazlal.
 33187 | Shoals:4 | Received a gift from Okawaru
 33321 | Shoals:4 | Paralysed by an air elemental for 1 turns
 33331 | Shoals:4 | Paralysed by an air elemental for 1 turns
 33341 | Shoals:4 | Paralysed by an air elemental for 1 turns
 33595 | Shoals:4 | Paralysed by an air elemental for 1 turns
 33932 | Shoals:4 | Received a gift from Okawaru
 34273 | Shoals:4 | Noticed a storm dragon
 34273 | Shoals:4 | Identified the +10 crystal plate armour of Generosity {MP+9
                  | Int+2 Stlth+}
 34283 | Shoals:4 | Killed a storm dragon
 34357 | Shoals:4 | Got a barnacled rune of Zot
 35313 | Shoals:4 | Found a stormy altar of Qazlal.
 35633 | Shoals:4 | Reached XP level 17. HP: 135/161 MP: 16/23
 35652 | Shoals:4 | Received a gift from Okawaru
 36523 | Spider:1 | Entered Level 1 of the Spider Nest
 38209 | Spider:1 | Received a gift from Okawaru
 38522 | Spider:1 | Received a gift from Okawaru
 38760 | Orc:2    | Bought an amulet of regeneration for 480 gold pieces
 39344 | Spider:2 | Identified the ring "Fashodue" {*Corrode rN+ Will+ Int+6}
 39354 | Spider:2 | You fall into a shaft and drop 1 floor!
 39414 | Spider:2 | Reached skill level 10 in Throwing
 39537 | Spider:2 | Found a frozen archway.
 39560 | IceCv    | Entered an ice cave
 39633 | IceCv    | Received a gift from Okawaru
 39825 | IceCv    | Identified the +2 executioner's axe of Vodka {speed, Int+3}
 40042 | Spider:2 | Identified the +1 robe of Orote {Harm rC+ Int-3}
 40291 | Spider:2 | Noticed Asterion
 40307 | Spider:2 | Killed Asterion
 40677 | Spider:3 | Found a runed translucent gate.
 40677 | Spider:3 | Found a runed translucent gate.
 40677 | Spider:3 | Found a runed translucent gate.
 40678 | Spider:3 | Noticed Xiym's ghost (journeyman FeSu)
 40678 | Spider:3 | Noticed Afraqoso's ghost (journeyman HOFi)
 40679 | Spider:3 | Noticed SuperSeabass's ghost (adept VSAM)
 40679 | Spider:3 | Noticed Lefyircha's ghost (adept TrFi)
 40680 | Spider:3 | Found the +5 glaive of the Guard {elec, spectral, AC+5}
 40699 | Spider:3 | Killed SuperSeabass's ghost
 40706 | Spider:3 | Killed Lefyircha's ghost
 40710 | Spider:3 | Killed Xiym's ghost
 40710 | Spider:3 | Received a gift from Okawaru
 40723 | Spider:3 | Killed Afraqoso's ghost
 40755 | Spider:3 | Identified the +12 chain mail of Weuzaigg {rN++}
 40763 | Spider:3 | Reached XP level 18. HP: 174/174 MP: 24/24
 40830 | Spider:3 | Reached XP level 19. HP: 181/181 MP: 23/25
 40988 | Spider:4 | Entered Level 4 of the Spider Nest
 41264 | Spider:4 | Received a gift from Okawaru
 42212 | Spider:4 | Blown up by an orb spider

Illustrated notes

Levels and vault maps discovered:
D:1:      lemuel_arrival_river_passageway, layout_loops_ring,
          dreamdust_ecumenical_altar_angels_and_demons
D:2:      layout_rooms, serial_shops, nicolae_shop_waterfront,
          uniq_crazy_yiuf_cottage
D:3:      layout_loops_cross, nicolae_overflow_hidden_temple,
          nicolae_figureground_sparkle
D:4:      layout_basic, evilmike_ruin_ashenzari, glass_columns_a,
          minmay_misc_feat_chi, amcnicky_mini_rare_corridor_liquid,
          minmay_misc_feat_rows, minmay_misc_feat_four_crosses, uniq_duvessa,
          uniq_robin, uniq_eustachio
D:5:      layout_basic, mainiacjoe_overflow_catwalk, zin_angel,
          jmf_multi_god_temple2, minmay_temple_entry_drinking_statues,
          serial_shops, nicolae_shop_statue_plus, serial_glass, glass_columns_a,
          glass_columns_a, glass_columns_c, glass_columns_b
D:6:      layout_basic, minmay_crystal_room, uniq_grinder
D:7:      layout_gridville, grunt_temple_overflow_lords_of_destruction,
          nzn_wu_jian_contemplation, serial_shops, kennysheep_mini,
          chequers_serial_rivers_micro_a
D:8:      layout_layer_cave, kennysheep_orc_sif_temple, dk_yredelemnul_ordeal
D:9:      layout_cave_pools, okawaru_gym_becter, kennysheep_path_1
D:10:     layout_loops_ring, mainiacjoe_overflow_alcove_1, erik_orc_4
D:11:     layout_basic, erik_lair_orcish_takeover, xom_redecorated, uniq_lodul,
          uniq_psyche
D:12:     layout_stronghold, grunt_gozag_statues, uniq_josephine
D:13:     layout_long_grid, hangedman_vaults_entry_quadrant_bands
D:14:     layout_irregular_city, old_standard_altar
D:15:     hangedman_depths_entry_civil_slaughter, layout_basic,
          lemuel_coloured_pillars_altar, uniq_nessos
Temple:   nicolae_temple_cloud_nine
Lair:1:   layout_regular_city, grunt_megastairs_4, lemuel_fruit_tree, uniq_urug
Lair:2:   layout_cave_pods, minmay_shoals_entry_beasts, grunt_megastairs_2
Lair:3:   regret_index_wax_grids, layout_regular_city, spider_nest_entry_rubble,
          enter_volcano_2
Lair:4:   layout_small_grid
Lair:5:   due_jungle_book, layout_cellular_growth, slime_entry_2,
          serial_bayou_shore_b, infiniplex_staircase_pool_2,
          serial_bayou_shore_b, serial_bayou_shore_b
Shoals:1: layout_shoals, uniq_mlioglotl, uniq_kirke
Shoals:2: layout_shoals
Shoals:3: layout_shoals, serial_shops, nicolae_shop_behind_doors
Shoals:4: shoals_end_hellmonk_storm_palace [storm_palace_center_ruins,
          storm_palace_corner_grid, storm_palace_corner_pillars,
          storm_palace_corner_altar, storm_palace_corner_altar]
Spider:1: layout_chambers, nicolae_spider_baby_got_redback
Spider:2: layout_spider_delve, portal_ice_cave_entry_pillars_1,
          hellmonk_motheaten_closet, uniq_asterion
Spider:3: layout_spider_delve, gammafunk_ghost_cemetery
Spider:4: grunt_spider_rune_parallel, guppyfry_spider_mini_2
Orc:1:    layout_caves, mines2_david
Orc:2:    st_orc_open, layout_diamond_mine, guppyfry_orc_lava_fort, uniq_jorgrun
Elf:1:    elf_arrival_002, layout_geoelf_diagonals, serial_shops, shop,
          minmay_elf_necromancy, hex_intersection, minmay_shoptagon

Skill      XL: |  1  2  3  4  5  6  7  8  9 10 11 12 13 14 15 16 17 18 19 |
---------------+----------------------------------------------------------+-----
Shields        | 4 5 6 7 8 9 11 12 13 14 15 17 18 19 | 19.4
Fighting       | 4 5 6 7 8 9 11 12 13 14 15 17 18 19 | 19.4
Axes           | 3 4 5 6 7 9 11 12 14 16 17 18 | 18.0
Armour         | 4 5 6 7 8 9 11 12 13 14 15 17 18 19 | 19.4
Invocations    | 3 6 8 9 10 | 10.0
Throwing       | 3 6 8 10 | 10.0

Action                   |  1- 3 |  4- 6 |  7- 9 | 10-12 | 13-15 | 16-18 | 19-21 || total
-------------------------+-------+-------+-------+-------+-------+-------+-------++-------
Melee: War axe           |    86 |   106 |   289 |   484 |       |       |       ||   965
       Headbutt          |    10 |    15 |    53 |   135 |   286 |   298 |    55 ||   852
       Unarmed           |       |       |       |    26 |    10 |       |       ||    36
       Broad axe         |       |       |       |   186 |  1019 |  1100 |   239 ||  2544
       Hand axe          |       |       |       |       |    13 |   111 |       ||   124
Throw: Javelin           |       |       |       |       |       |       |     3 ||     3
       Boomerang         |       |       |       |       |       |       |     1 ||     1
Invok: Heroism           |       |       |       |    22 |    22 |    31 |     1 ||    76
       Finesse           |       |       |       |     1 |    12 |    14 |     1 ||    28
Evoke: Wand              |       |       |       |       |     3 |       |       ||     3
  Use: Scroll            |       |     3 |     4 |    19 |     8 |     2 |     2 ||    38
       Potion            |       |     1 |     1 |     6 |     1 |     2 |       ||    11
 Stab: Distracted        |       |       |     1 |       |       |       |       ||     1
       Petrifying        |       |       |       |       |     3 |       |       ||     3
       Petrified         |       |       |       |       |     3 |       |       ||     3
Armor: Scale mail        |    31 |    44 |    59 |       |       |       |       ||   134
       Plate armour      |       |       |    68 |   307 |   415 |   611 |    11 ||  1412
       Skin              |       |       |       |    65 |    35 |       |       ||   100
       Crystal plate arm |       |       |       |       |       |       |   200 ||   200
Dodge: Dodged            |    37 |    39 |   112 |   250 |   197 |   242 |    56 ||   933
Block: Buckler           |    13 |    13 |    75 |    88 |       |       |       ||   189
       Kite shield       |       |       |       |   265 |   747 |   918 |   224 ||  2154
